[Event "CZE-ch U16 Open 2023"]
[Site "Teplice"]
[Date "2023.03.13"]
[Round "3.9"]
[White "Davidek, Zdenek"]
[Black "Dolensky, Filip"]
[Result "1/2-1/2"]
[ECO "E10"]
[WhiteElo "1957"]
[BlackElo "2108"]
[Annotator "TA"]
[PlyCount "64"]
[EventDate "2023.03.09"]
[EventType "swiss"]
[EventCountry "CZE"]
[SourceTitle "playchess.com"]
[Source "ChessBase"]
[SourceQuality "1"]
[TimeControl "40/5400+30:1800+30"]

1. d4 c5 2. d5 Nf6 3. Nf3 e6 4. c4 b5 5. Bg5 h6 6. Bxf6 Qxf6 7. Nc3 {[%emt 0:04:53] E10: Blumenfeld Gambit.} a6 8. cxb5 axb5 9. Nxb5 {[%emt 0:03:19] [#] White is better.} Na6 $146 {[%emt 0:01:16] Wards off Nc7+} ({Predecessor:} 9... Ra5 10. Nc7+ Kd8 11. Qd2 Ra7 12. Nb5 Rb7 13. Qa5+ Ke8 14. Nc7+ Kd8 15. Nxe6+ Ke8 16. Nxf8 Qxb2 {1-0 Malygin,A (2199)-Memarian,M (2018) Chigorin Memorial 18th 2010 (4)}) 10. Nc3 Rb8 11. Rb1 c4 12. e3 Bb4 13. Bxc4 (13. Rc1 $14) 13... Bxc3+ $11 14. bxc3 Rxb1 15. Qxb1 {[%emt 0:00:21] [#] 0-0 is the strong threat.} Qxc3+ 16. Nd2 O-O 17. Ke2 (17. Qb3 {simplifies} Qa5 18. Qb2 exd5 19. Be2) 17... exd5 18. Bxd5 Nc5 19. Rc1 ({Not} 19. Ne4 $2 Ba6+ 20. Kf3 Qe5 $19) 19... Ba6+ 20. Bc4 Qa5 21. g3 (21. Ke1 $5 ) 21... d5 {[%emt 0:00:59][%mdl 64] [#] Pin} 22. Bxa6 Qxa6+ 23. Kf3 Nd3 {[%emt 0:00:30] White must now prevent ...d4.} 24. Rf1 d4 25. Kg2 dxe3 26. fxe3 Ne5 27. Qe4 Qxa2 (27... Rd8 {is more complex.} 28. Qxe5 Rxd2+ 29. Rf2 Qa8+) 28. Qxe5 {[%emt 0:00:08] And now Qd4 would win.} Qxd2+ 29. Rf2 Qd7 30. Qf5 Qxf5 31. Rxf5 g6 32. Ra5 Re8 {[%emt 0:00:20] Weighted Error Value: White=0.11 (very precise) /Black=0.07 (flawless)} 1/2-1/2

[Event "CZE-ch U16 Open 2023"]
[Site "Teplice"]
[Date "2023.03.13"]
[Round "3.10"]
[White "Tesar, Jakub"]
[Black "Svoboda, Daniel"]
[Result "1/2-1/2"]
[ECO "B22"]
[WhiteElo "1960"]
[BlackElo "1748"]
[Annotator "TA"]
[PlyCount "60"]
[EventDate "2023.03.09"]
[EventType "swiss"]
[EventCountry "CZE"]
[SourceTitle "playchess.com"]
[Source "ChessBase"]
[SourceQuality "1"]
[TimeControl "40/5400+30:1800+30"]

1. e4 c5 2. c3 Nf6 3. e5 Nd5 4. d4 cxd4 5. cxd4 d6 6. Nf3 Nc6 7. Bc4 dxe5 8. dxe5 Ndb4 9. Qb3 e6 {[%emt 0:00:38] B22: Sicilian: 2 c3.} 10. O-O Na5 11. Bb5+ Bd7 12. Qa4 Bxb5 13. Qxb5+ Nac6 {[%emt 0:00:30] aiming for ...Nc2.} 14. Nc3 (14. Qxb7 $2 {perishes.} Rb8 15. Bg5 Rxb7 $19) 14... a6 15. Qc4 (15. Qxb7 $2 {loses.} Rb8 16. Bg5 Qa5 $19) 15... Qd3 $132 {[%emt 0:01:30][%mdl 2048] Prevents Rd1. Black is fighting back} 16. Qg4 h5 {[%emt 0:00:48] 16...Qg6 is more advanced technology.} 17. Qh4 Qf5 {[%emt 0:11:36] [#]} 18. Qe4 $146 (18. Bg5 $11 {remains equal.}) ({Predecessor:} 18. Bg5 Nd3 19. Rad1 Bb4 20. Ne4 Ndxe5 21. Nxe5 Nxe5 22. Rd4 Bf8 23. Re1 f6 24. Qg3 {½-½ Pospisil,L (2511)-Scherer,R (2589) EU-chT8 fin email 2012 [1]}) 18... Qxe4 $17 19. Nxe4 Nd3 20. Nd6+ Bxd6 21. exd6 Nxc1 (21... O-O-O $17 22. Ng5 Rhf8) 22. Raxc1 $11 Rd8 23. Rfd1 Rd7 24. Ng5 O-O 25. Ne4 {[%emt 0:00:07] Black must now prevent Nc5.} Rfd8 26. Re1 Rb8 27. Red1 Rbd8 28. Re1 Rb8 29. Red1 Rbd8 30. Re1 Rb8 {[%emt 0:00:14] Weighted Error Value: White=0.13 (very precise) /Black=0.09 (flawless)} 1/2-1/2

[Event "CZE-ch U16 Open 2023"]
[Site "Teplice"]
[Date "2023.03.13"]
[Round "3.11"]
[White "Hozda, Max"]
[Black "Sigut, Ondrej"]
[Result "1/2-1/2"]
[ECO "D37"]
[WhiteElo "2067"]
[BlackElo "1804"]
[Annotator "TA"]
[PlyCount "113"]
[EventDate "2023.03.09"]
[EventType "swiss"]
[EventCountry "CZE"]
[SourceTitle "playchess.com"]
[Source "ChessBase"]
[SourceQuality "1"]
[TimeControl "40/5400+30:1800+30"]

1. Nf3 d5 2. c4 e6 3. d4 Nf6 4. Nc3 Nbd7 5. cxd5 Nxd5 6. e4 Nxc3 7. bxc3 c5 8. Bc4 cxd4 9. cxd4 Bb4+ 10. Bd2 Bxd2+ 11. Qxd2 O-O 12. O-O {[%emt 0:00:39] D41: Queen's Gambit Declined: Semi-Tarrasch with 5 cxd5.} b6 13. Qe3 Bb7 14. Nd2 {[%emt 0:02:54] The position is equal.} Nf6 15. f3 {[%emt 0:00:39] Wards off Ng4} Rc8 16. Rfd1 Qd7 17. Bb3 b5 18. e5 (18. a4 $14) 18... Nd5 $15 19. Bxd5 Bxd5 20. Ne4 Bxe4 21. fxe4 f6 22. exf6 Rxf6 23. Rd2 Qc7 24. Rad1 Qb6 25. Kh1 b4 26. Qe2 a5 27. e5 Rf7 28. d5 exd5 29. Rxd5 Re8 30. Rd6 Qf2 31. Qc4 {[%emt 0:00:15] [#] Black must now prevent Rd8.} Qf4 32. R6d4 Qxe5 33. Rf1 {[%emt 0:00:12] Inhibits Qe1.} (33. Rd8 $11 g6 34. Rxe8+ (34. R8d7 $2 {leads to mate.} Qe1+ {[%mdl 64] Back Rank} 35. Rxe1 Rxe1+) 34... Qxe8 35. h3) 33... Qc7 $19 34. Qd5 Kf8 $40 {[%emt 0:01:54][%mdl 128] Black is up to no good.} (34... Kh8 $17 35. Rdd1 Rfe7) 35. Rfd1 (35. Rdd1 $11 {was the only way to keep the balance.}) 35... Qe5 {[%emt 0:01:50][%cal Oe5e1] ( -> ...Qe1+!)} 36. h3 Qxd5 37. Rxd5 $17 {[%emt 0:00:02][%mdl 4096] Endgame KRR-KRR} Ra8 ({Black should play} 37... Ra7 $17 {Hoping for ...Re2.} 38. Rf1+ Kg8) 38. Kg1 (38. Rb5 $1 $15) 38... Rb7 $19 39. Kf2 a4 40. Rb1 b3 41. axb3 axb3 {[%emt 0:30:53] Threatens to win with ...Ra2+.} 42. Rd3 (42. Rd2 {might work better.}) 42... b2 {[%emt 0:00:00] ...Ra1 is the strong threat.} 43. Rd2 {[%emt 0:00:00] [#]} Rab8 $1 44. Re2 Kf7 45. g3 Rb3 46. Kg2 R8b6 47. Kh2 h5 48. h4 Kg6 49. Rf2 R6b4 50. Kh3 Kh7 51. Rc2 Kh6 52. Rf2 Kh7 53. Rc2 $1 Kg8 54. Rf2 Rb6 55. Kh2 R6b4 56. Kh3 $1 g6 57. Kh2 {[%emt 0:00:00] Weighted Error Value: White=0.19 (very precise) /Black=0.23 (precise)} 1/2-1/2

[Event "CZE-ch U16 Open 2023"]
[Site "Teplice"]
[Date "2023.03.13"]
[Round "3.12"]
[White "Zezula, Jakub"]
[Black "Mrazek, Adam"]
[Result "1-0"]
[ECO "B06"]
[WhiteElo "1963"]
[BlackElo "1745"]
[Annotator "TA"]
[PlyCount "89"]
[EventDate "2023.03.09"]
[EventType "swiss"]
[EventCountry "CZE"]
[SourceTitle "playchess.com"]
[Source "ChessBase"]
[SourceQuality "1"]
[TimeControl "40/5400+30:1800+30"]

1. e4 d6 2. d4 g6 3. Nc3 Bg7 4. Be3 a6 5. Nf3 b5 6. h4 {B06: Modern Defence.} Nf6 {[#]} 7. h5 $1 Nxh5 8. Ng5 {[#] Black must now prevent Qf3. The position is equal.} h6 $146 {[#]} (8... b4 $11 9. Bc4 e6) ({Predecessor:} 8... Nf6 9. e5 dxe5 10. dxe5 Qxd1+ 11. Rxd1 Ng4 12. Nd5 Bxe5 13. Bd4 O-O 14. Bxe5 Nxe5 15. Nxh7 {1-0 Efroimski,M (2442)-Chatalbashev,B (2529) Norway Chess op-A 2022 (5)}) 9. Nxf7 $1 $16 {White is more active.} Kxf7 10. e5 {Against Nf6} Bb7 {Dodges Qf3+} (10... Kg8 $16) 11. Bd3 $18 Qe8 $2 {[#]} (11... Nf4 {was worth a try.}) 12. Qg4 $1 Kg8 13. Bxg6 Qc8 14. Bf5 Qe8 15. Be6+ Kh7 16. Rxh5 {Black is weak on the light squares} Rf8 17. Bf5+ (17. Qh3 $142 {[%cal Rh5h6] Threatening mate with Rxh6+.} Qg6 18. Rg5 Qxg5 19. Bxg5) 17... Rxf5 18. Qxf5+ Qg6 19. Qxg6+ Kxg6 20. Rh4 Nd7 21. f4 h5 (21... Kf7 $142 22. a3 Rh8) 22. O-O-O b4 23. Ne2 a5 (23... Nb6 $142 24. Ng3 Rh8) 24. Rg1 c5 25. g4 Bf3 26. gxh5+ Kh7 {[#]} 27. h6 $1 Bh8 28. Kd2 Nb6 29. b3 {[%cal Bb2b3,Bb3c4][%mdl 32] Dodges Nc4+} ({Weaker is} 29. dxc5 Nc4+ 30. Kc1 (30. Kd3 Nxb2+ 31. Kd2 Nc4+ 32. Kd3 Nb2+ 33. Kd2 Nc4+ 34. Kd3 Nb2+ $11) 30... dxe5 $14) 29... c4 30. Rg5 ({But not} 30. f5 c3+ 31. Kd3 Bb7 32. exd6 exd6) 30... Nd5 $2 (30... a4 {keeps fighting.} 31. Rh3 axb3 32. axb3 (32. Rxf3 bxa2 33. Rf1 a1=Q $16) 32... Be4 33. exd6 exd6) 31. bxc4 Bxe2 (31... Nb6 $142 32. Kd3 Nxc4 33. Kxc4 Bxe2+ 34. Kd5 Ra6) 32. Kxe2 Nc3+ 33. Kd3 Nxa2 34. Rf5 {Hoping for Rg4.} Kg6 35. Rg5+ Kh7 36. exd6 exd6 37. Rb5 {And now Rb7+ would win.} Ra7 {Repels Rb7+} 38. Rhh5 a4 39. Ra5 Rxa5 40. Rxa5 {KRB-KBN} a3 41. f5 {White mates.} Bf6 42. Bd2 d5 43. c5 Kg8 44. c6 Bd8 45. Ra8 {Black got outplayed after the opening. A cool game by Zezula.   Weighted Error Value: White=0.57/Black=1.06} 1-0

[Event "CZE-ch U16 Open 2023"]
[Site "Teplice"]
[Date "2023.03.13"]
[Round "4.1"]
[White "Paseka, Matyas"]
[Black "Fizer, Marek"]
[Result "1-0"]
[ECO "B92"]
[WhiteElo "2082"]
[BlackElo "1929"]
[Annotator "TA"]
[PlyCount "151"]
[EventDate "2023.03.09"]
[EventType "swiss"]
[EventCountry "CZE"]
[SourceTitle "playchess.com"]
[Source "ChessBase"]
[SourceQuality "1"]
[TimeControl "40/5400+30:1800+30"]

1. e4 c5 2. Nf3 d6 3. d4 cxd4 4. Nxd4 Nf6 5. Nc3 a6 6. Be2 e5 7. Nb3 Be7 8. O-O O-O 9. Re1 Be6 {[%emt 0:01:11] B92: Sicilian Najdorf: 6 Be2.} 10. Bf3 Nbd7 11. a4 Nb6 {[%emt 0:09:36] The position is equal.} 12. a5 Nc4 13. Qd3 Rc8 14. Ra4 {[%emt 0:03:43] [#]} Qd7 $146 {[%emt 0:03:14][%cal Oc4b2] next ...Nxb2! is good for Black.} ({Predecessor:} 14... Qc7 15. Be2 b5 16. axb6 Nxb6 17. Ra1 d5 18. exd5 Nbxd5 19. Nxd5 Bxd5 20. Bd1 Bb7 {0-1 Hoolt,S (2240)-Buenermann,V (2303) Oberliga NRW 0910 2009 (7.2)}) 15. Ra2 Bd8 16. Nd5 Re8 17. Bd2 Bxd5 18. exd5 Qb5 ({Black should try} 18... b5 $15) 19. Bc3 $11 b6 20. axb6 Bxb6 21. Raa1 Ba7 22. Na5 Nb6 ({Black should play} 22... Nxa5 $14 23. Qxb5 {[%mdl 64] Remove Defender} axb5) 23. Nc6 {[%emt 0:00:25][%mdl 64] Discovered Attack} Qxd3 24. cxd3 Bb8 25. Nxb8 Rxb8 26. Rxa6 Nfxd5 27. Bxd5 Nxd5 28. Rxd6 Nxc3 29. bxc3 $16 {[%emt 0:00:04][%mdl 4096] Endgame KRR-KRR} f6 30. g3 Rb2 31. Rd7 {[%emt 0:07:10] Ra1 would be deadly.} Ra8 $1 {[%emt 0:00:36] Against Ra1} 32. Re3 Raa2 33. Rf3 Rc2 34. c4 Rd2 35. Rd5 Rac2 36. g4 Kf7 37. g5 Ke6 (37... Rc3 $14) 38. gxf6 $1 gxf6 39. Ra5 (39. Rc5 $1 $16) 39... e4 40. dxe4 Rxc4 41. Ra6+ Ke5 42. Raxf6 ({Resist} 42. Rfxf6 Rxe4 43. Rf7 Rg4+ 44. Kf1 h5) 42... Rc7 (42... Ra2 $16) 43. Rf8 $18 {[%emt 0:00:00] Black must now prevent Re8+.} Re7 {[%emt 0:05:08] Repels Re8} 44. Ra3 Rg7+ (44... Re2 $16 {was necessary.} 45. Ra4 Rxe4 46. f4+ Kd6 47. Rf6+ Kd5 48. Rf5+ Kd6 49. Ra6+ Kd7) 45. Kf1 Rb2 (45... Kxe4 $2 46. Re3+ Kd4 47. Rd8+ Kc4 48. Rxd2 $18) 46. Re8+ Kf4 47. Rg3 Rxg3 {[%emt 0:02:14][%mdl 8192] This move loses the game for Black.} (47... Rb1+ $16 48. Kg2 Rg6) 48. hxg3+ $16 {[%emt 0:00:05] KR-KR} (48. fxg3+ Ke3 $16) 48... Kf3 49. Rf8+ Kxe4 {[%emt 0:00:08] [#]} 50. Rf7 $1 h5 51. Rf4+ (51. Kg2 $142 Rb5 52. Kh3 Ke5 53. f4+ Ke6 54. Rf8 Ke7 55. Ra8 Kf7 56. Ra6) 51... Kd3 $18 52. Kg2 Rb5 53. Kf3 (53. Rf8 $142 Ke4 54. f3+ Ke5 55. f4+ Ke6 56. Kh3) 53... Rg5 54. Rf8 Kd4 55. Re8 (55. Kg2 $142 Rb5 56. Kh3 Ke5 57. f4+ Ke4 58. Kh4 Rb3 59. Rg8 (59. Kxh5 Rxg3 60. Kh4 Rg7 $11) 59... Kf5 60. Kxh5) 55... Rf5+ 56. Kg2 {[%emt 0:00:09] Intending Rh8 and mate.} Kd5 57. Re2 {[%emt 0:00:20] White threatens Kh3 and mate.} Kd4 58. f3 Kd5 {[%emt 0:00:48] Against Re6} 59. Re4 Kd6 60. Re3 {[%emt 0:02:55] Threatening mate with Kh3.} Kd5 {[%emt 0:00:38] [#]} 61. Kh3 $1 Kd4 62. Ra3 Rc5 63. Kh4 Rb5 64. f4 Ke4 65. Ra8 Kf3 66. Rg8 Rb1 67. Kxh5 Rh1+ 68. Kg5 Kxg3 69. Ra8 Kf3 70. Ra4 Rg1+ 71. Kf5 Ke3 72. Ke5 Rb1 73. Ra3+ Ke2 74. f5 Rb5+ 75. Kf6 Rb1 76. Kg7 {[%emt 0:00:10] Weighted Error Value: White=0.14 (very precise) /Black=0.59} 1-0

[Event "CZE-ch U16 Open 2023"]
[Site "Teplice"]
[Date "2023.03.13"]
[Round "4.2"]
[White "Seidl, Jan"]
[Black "Janous, Marek"]
[Result "1/2-1/2"]
[ECO "A06"]
[WhiteElo "2025"]
[BlackElo "2124"]
[Annotator "TA"]
[PlyCount "68"]
[EventDate "2023.03.09"]
[EventType "swiss"]
[EventCountry "CZE"]
[SourceTitle "playchess.com"]
[Source "ChessBase"]
[SourceQuality "1"]
[TimeControl "40/5400+30:1800+30"]

1. Nf3 d5 2. g3 g6 3. d4 Bg7 4. Bg2 c6 5. O-O Nf6 6. c4 dxc4 {[%emt 0:00:08] D73: Fianchetto Grünfeld: 5 Nf3 .} 7. a4 Ne4 8. Ne5 (8. Na3 $11) 8... Nd6 (8... Nc5 $15) 9. Na3 $11 O-O 10. e3 Be6 {[%emt 0:02:48][%cal Bc8e6,Be6f5,Bf5d3][%mdl 32] [#]} 11. Qc2 $146 ({Predecessor:} 11. Qe2 Na6 12. Naxc4 Nxc4 13. Nxc4 Bd5 14. Rd1 Bxg2 15. Kxg2 Re8 16. b3 c5 17. Qf3 cxd4 18. exd4 {1-0 Jumabayev,R (2617)-Xiong,J (2691) Chess.com Rapid Wk21 Swiss 2022 (1)}) 11... Nd7 (11... Na6 $15) 12. Naxc4 Nxe5 13. Nxe5 Rc8 14. b4 Qb6 15. Bd2 Bf5 (15... Bxe5 {simplifies} 16. dxe5 Nc4 17. Bc3 Qc7) 16. Qb3 c5 17. Bc3 ({Of course not} 17. dxc5 Rxc5 18. Nd3 (18. a5 Qb5 $17) 18... Be6 $17) (17. a5 Qb5 $15) 17... c4 18. Qb2 f6 19. Nf3 Bd3 20. Rfd1 Ne4 21. Ne1 {[%emt 0:01:13] Black must now prevent Rxd3.} Nxc3 22. Qxc3 e5 {[%emt 0:00:35] [#]} (22... Be2 $14) 23. Nxd3 ({Better is} 23. a5 $1 Qb5 24. Nxd3 cxd3 25. Qxd3 Qxd3 26. Rxd3) 23... cxd3 24. Qxd3 (24. Qb3+ {seems wilder.} Kh8 25. dxe5 fxe5 26. Ra2) 24... exd4 {[%emt 0:00:13] Black is weak on the light squares} (24... Qxb4 $2 25. dxe5 fxe5 26. Rdb1 $18) 25. Qxd4 Qxd4 26. exd4 ({Worse is} 26. Rxd4 f5 27. Bxb7 (27. Bd5+ Kh8 $17) 27... Bxd4 28. exd4 Rb8 29. Bd5+ Kg7 $17) 26... Rfd8 27. d5 (27. Bxb7 $16 Rb8 28. Bc6) 27... Bf8 28. b5 Bd6 29. Rac1 Kf7 30. a5 Rc5 31. b6 (31. Rxc5 $14 Bxc5 32. Kf1) 31... axb6 {[%emt 0:01:54] The position is equal.} 32. axb6 Rdc8 33. Rb1 Ra8 34. Bh3 f5 {[%emt 0:00:16] Weighted Error Value: White=0.18 (very precise) /Black=0.16 (very precise)} 1/2-1/2

[Event "CZE-ch U16 Open 2023"]
[Site "Teplice"]
[Date "2023.03.13"]
[Round "4.3"]
[White "Simunek, Jakub Simon"]
[Black "Prazak, Daniel"]
[Result "0-1"]
[ECO "B40"]
[WhiteElo "1970"]
[BlackElo "2064"]
[Annotator "TA"]
[PlyCount "66"]
[EventDate "2023.03.09"]
[EventType "swiss"]
[EventCountry "CZE"]
[SourceTitle "playchess.com"]
[Source "ChessBase"]
[SourceQuality "1"]
[TimeControl "40/5400+30:1800+30"]

1. e4 c5 2. Nf3 e6 3. g3 Nc6 4. Bg2 Nf6 5. d3 a6 6. O-O {[%emt 0:05:58] B40: Sicilian: 2...e6, Unusual lines.} d6 7. c3 Be7 8. Qe2 {[%emt 0:01:23] The position is equal.} O-O 9. d4 {[%emt 0:05:17] [#]} d5 $146 ({Predecessor:} 9... Re8 10. e5 Nd7 11. h4 d5 12. Nbd2 Nf8 13. Rd1 cxd4 14. cxd4 Bd7 15. Nf1 Rc8 {1-0 Acosta,M (1942)-Koryabkin,V (2072) Wch Seniors 65 24th 2014 (11)}) 10. e5 Ne4 11. Nbd2 (11. Rd1 $142) 11... Nxd2 $1 $11 12. Bxd2 Bd7 13. h4 Rc8 14. Rfd1 cxd4 15. cxd4 Qb6 16. Bg5 Bxg5 17. Nxg5 (17. hxg5 $11 Rc7 18. Bf1) 17... h6 (17... Nxd4 $17 18. Qe3 Rc4) 18. Nh3 (18. Nf3 $15) 18... Ne7 ({Better is} 18... Nxd4 $17 19. Qe3 Rc4) 19. Nf4 (19. b3 $15) 19... Rc4 $36 {[%emt 0:04:53][%mdl 2048] Keeping White busy.} 20. Rac1 (20. Bxd5 $142 exd5 21. Nxd5 {[%mdl 64] Remove Defender} Nxd5 22. Qxc4) 20... Rfc8 (20... Rxc1 $142 21. Rxc1 Qxd4) 21. Qd2 (21. Rxc4 $17 Rxc4 22. Bxd5 {[%mdl 64] Remove Defender} exd5 23. Nxd5 {[%mdl 64] Remove Defender} Nxd5 24. Qxc4) 21... Rxc1 $19 22. Rxc1 Rxc1+ 23. Qxc1 Nc6 ({Resist} 23... Qxd4 24. Qc7 Qd1+ 25. Kh2 $16) 24. Ne2 (24. Nd3 $17) 24... Nxd4 25. Nxd4 (25. Nf4 {was worth a try.}) 25... Qxd4 {[%emt 0:00:11][%mdl 4096] Endgame KQB-KQB} 26. Qc7 $2 {[%emt 0:00:05] [#]} (26. Qc3 Qd1+ 27. Kh2) 26... Bc6 $1 27. Qd8+ Kh7 28. Qc7 Qxb2 29. Qxf7 Qxe5 30. Bh3 $2 (30. g4) 30... Qe1+ 31. Kh2 d4 {[%emt 0:00:18][%csl Gc6][%cal Re1h1] [#]} 32. g4 Qh1+ 33. Kg3 Qg1+ {[%emt 0:00:11] Weighted Error Value: White=0.67/Black=0.13 (very precise)} 0-1

[Event "CZE-ch U16 Open 2023"]
[Site "Teplice"]
[Date "2023.03.13"]
[Round "4.4"]
[White "Lang, Simon"]
[Black "Tillmann, Stanislav"]
[Result "1-0"]
[ECO "B85"]
[WhiteElo "1974"]
[BlackElo "1907"]
[Annotator "TA"]
[PlyCount "46"]
[EventDate "2023.03.09"]
[EventType "swiss"]
[EventCountry "CZE"]
[SourceTitle "playchess.com"]
[Source "ChessBase"]
[SourceQuality "1"]
[TimeControl "40/5400+30:1800+30"]

1. e4 c5 2. Nf3 e6 3. d4 cxd4 4. Nxd4 a6 5. Nc3 Qc7 6. Be2 Nf6 7. O-O d6 8. Be3 Be7 9. f4 Nbd7 10. Qe1 b5 11. a3 Bb7 12. Bf3 O-O 13. Qg3 Nb6 {[%emt 0:05:09] B84: Sicilian Scheveningen: 6 Be2 a6, lines without early Be3.} 14. e5 Nfd5 {[%emt 0:07:32] [#]} 15. Bxd5 $146 ({Predecessor:} 15. Nxd5 Nxd5 16. Bd2 dxe5 17. fxe5 Bc5 18. c3 Ne7 19. Bxb7 Qxb7 20. Be3 Rad8 21. Kh1 Bxd4 22. Bxd4 {½-½ De Oliveira,M (2574)-Acevedo Villalba,A (2524) LIPEAP jub30-A corr 2002}) 15... Nxd5 {[%emt 0:01:11] The position is equal.} 16. Nxd5 Bxd5 17. f5 dxe5 {[%emt 0:10:16] And now ...Kh8 would win.} 18. f6 Bxf6 19. Rxf6 $40 {[%emt 0:01:51][%mdl 128] Strongly threatening Bh6. White is up to no good.} Qe7 $2 {[%emt 0:00:05] [#]} (19... Kh8 $1 $11 {and Black is okay.} 20. Rf2 f5) 20. Raf1 $1 $18 {[%emt 0:03:17][%cal Oe3h6] Bh6! is the strong threat.} exd4 21. Bxd4 (21. Bh6 $16 g6 22. Qe5) 21... Rae8 {[%emt 0:06:32] Black is weak on the dark squares} ({Much less strong is} 21... e5 22. Bxe5 g6 23. Bc3 $14) (21... Bc4 $1 $11 22. Re1 Rad8) 22. Be5 $14 {[%emt 0:10:57][%mdl 1024] h4 would be deadly. White has compensation.} Kh8 $2 (22... Qc5+ $14 23. R6f2 f6) 23. h4 $18 {[%cal Oh4h5] h5! would kill now.} Kg8 {Weighted Error Value: White=0.19 (very precise) /Black=1.09} (23... Be4 $142 24. h5 Bg6) 1-0

[Event "CZE-ch U16 Open 2023"]
[Site "Teplice"]
[Date "2023.03.13"]
[Round "4.5"]
[White "Kubin, Tomas Daniel"]
[Black "Hladky, Tadeas"]
[Result "1-0"]
[ECO "B03"]
[WhiteElo "1936"]
[BlackElo "1973"]
[Annotator "TA"]
[PlyCount "71"]
[EventDate "2023.03.09"]
[EventType "swiss"]
[EventCountry "CZE"]
[SourceTitle "playchess.com"]
[Source "ChessBase"]
[SourceQuality "1"]
[TimeControl "40/5400+30:1800+30"]

1. e4 Nf6 2. e5 Nd5 3. c4 Nb6 4. d4 d6 5. exd6 cxd6 6. Nc3 g6 7. Be3 Bg7 8. Rc1 O-O 9. b3 Nc6 10. d5 Ne5 11. Be2 h5 12. h3 {[%emt 0:01:46] B03: Alekhine's Defence: Four Pawns Attack.} e6 13. dxe6 Bxe6 14. Nf3 {[%emt 0:00:42] The position is equal.} d5 15. c5 (15. cxd5 $11 Nxd5 16. Nxd5 Qa5+ 17. Qd2 Qxd2+ {[%mdl 64] Remove Defender} 18. Nxd2 Bxd5 19. O-O) 15... Nxf3+ $15 16. Bxf3 d4 $1 {[%emt 0:00:44] [#]} 17. Bxd4 $146 ({Predecessor:} 17. cxb6 dxe3 18. Qxd8 exf2+ 19. Kxf2 Rfxd8 20. Bxb7 Bd4+ 21. Ke2 Rab8 22. Bf3 Rxb6 23. Rhd1 {1-0 Draghici Flutur,G (2038)-Menendez Solar,J (1965) Calpe op 2004 (2)}) 17... Bxd4 18. cxb6 Qxb6 19. O-O {[%emt 0:01:35] White is weak on the dark squares} Rad8 20. Qe2 Qa5 21. Ne4 Rfe8 22. Rfd1 Qe5 23. Ng3 Qg5 {[%emt 0:13:11] [#] ...Bd5 is the strong threat.} (23... Qxg3 24. Rxd4 Qb8 25. Rxd8 Rxd8 26. Qe3 $11) (23... b6 {simplifies} 24. Qxe5 Bxe5 25. Nf1 Bf4) 24. Ne4 Qf4 {[%emt 0:02:06] ...Bf5 would be deadly.} (24... Bxh3 $2 25. Nxg5 Rxe2 26. Bxe2 $18) 25. Qd2 Qh4 26. Qh6 Bf5 {[%emt 0:18:04] A strong pair of Bishops.} 27. Ng3 (27. Rxd4 $1 $11 Bxe4 28. Qe3 Rxd4 29. Qxd4) 27... Bxh3 ({Of course not} 27... Qxg3 28. Rxd4 (28. Bxb7 Bxf2+ 29. Kh1 Rxd1+ 30. Rxd1 Bxh3) 28... Qb8 29. Rf4 $11) (27... Bd3 28. Rxd3 Bxf2+ 29. Kxf2 $11) (27... Bc8 $15) 28. Rxd4 $11 Rxd4 29. gxh3 $40 {[%emt 0:00:18][%mdl 128] Black needs to defend precisely.} Qxh3 30. Bg2 (30. Bxb7 $11 Qg4 31. Bg2) 30... Qg4 $17 31. Nf1 Qe2 ({Better is} 31... Rf4 $17 {[%cal Of4f2] Hoping for ...Rxf2!} 32. Rc2 b5) 32. Ne3 $15 Qxa2 $2 {[%emt 0:00:42][%mdl 8192] [#] Loses the game.} (32... Qb5 $11) 33. Bd5 Qa5 34. Qxg6+ {[%emt 0:00:24] White mates.} ({Stronger than} 34. Bxb7 Qd2 35. Rc6 Qe1+ 36. Kg2 Qb1 $17) 34... Kh8 35. Qf6+ Kh7 36. Qxf7+ {[%emt 0:00:51] A superb game by Kubin.   Weighted Error Value: White=0.20 (precise) /Black=0.35} 1-0

[Event "CZE-ch U16 Open 2023"]
[Site "Teplice"]
[Date "2023.03.13"]
[Round "4.6"]
[White "Werner, Hong Quan Dan"]
[Black "Pelc, Adam"]
[Result "1-0"]
[ECO "C00"]
[WhiteElo "2085"]
[BlackElo "1871"]
[Annotator "TA"]
[PlyCount "43"]
[EventDate "2023.03.09"]
[EventType "swiss"]
[EventCountry "CZE"]
[SourceTitle "playchess.com"]
[Source "ChessBase"]
[SourceQuality "1"]
[TimeControl "40/5400+30:1800+30"]

1. e4 {[%emt 0:00:03] Golod,Vitali} e6 2. d4 b6 3. Bd3 Bb7 4. c4 Bb4+ 5. Nc3 Nf6 6. Qc2 c5 7. d5 exd5 {[%emt 0:06:04] E32: Nimzo-Indian: Classical (4 Qc2): 4...0-0.} 8. exd5 b5 9. b3 bxc4 {[%emt 0:05:44] White is better.} 10. bxc4 {[%emt 0:00:16] [#]} Qe7+ $146 (10... O-O $16 {keeps fighting.}) ({Predecessor:} 10... O-O 11. Nge2 d6 12. Bf4 h6 13. O-O Nh5 14. Bd2 Nd7 15. f4 Nb6 16. g4 Nf6 {1-0 Ivanov,S (2557)-Novikov,M (2401) St Petersburg-ch 2003 (1)}) 11. Nge2 $18 Bxc3+ 12. Qxc3 O-O 13. Bb2 {[%emt 0:05:48] 0-0 is the strong threat.} Ne8 $2 (13... d6 14. O-O Re8) 14. O-O f5 (14... d6 $142 15. Ng3 Bc8) 15. Rae1 {[%emt 0:00:40][%cal Ba1e1,Be1e7,Be7e8][%mdl 32] [#] Ng3 would be deadly.} Qg5 16. f4 Qg6 17. Ng3 {[%emt 0:01:43] And now Nxf5 would win.} Nd6 18. Re7 Rf7 {[%emt 0:01:45] [#]} 19. Nxf5 $1 {[%emt 0:11:42][%mdl 576] Deflection} Nxf5 (19... Qxf5 20. Bxf5) 20. Bxf5 Qxf5 21. Re8+ Rf8 22. Qxg7# {[%emt 0:00:04] Black got outplayed after the opening. Excellently played by Werner!   Weighted Error Value: White=0.33/Black=1.33} 1-0